 Dungeon Crawl Stone Soup version 0.24-b1 (webtiles) character file.

Game seed: 16341655263189483352, levelgen mode: deterministic

39 Chiseanne the Changer (level 3, 0/16 HPs)
             Began as a Felid Wanderer on Oct 13, 2019.
             Slain by an adder (2 damage)
             ... on level 2 of the Dungeon.
             The game lasted 00:01:24 (1046 turns).

Chiseanne the Changer (Felid Wanderer)              Turns: 1046, Time: 00:01:24

Health: 0/16       AC:  1    Str:  7    XL:     3   Next: 28%
Magic:  5/5        EV: 17    Int: 15    God:
Gold:   36         SH:  0    Dex: 15    Spells: 4/4 levels left
                                        Lives:  0   Deaths: 0

rFire    . . .     SeeInvis +     - Unarmed
rCold    . . .     Gourm    .   (shield unavailable)
rNeg     . . .     Faith    .   (armour unavailable)
rPois    .         Spirit   .   (helmet unavailable)
rElec    .         Reflect  .   (cloak unavailable)
rCorr    .         Harm     .   (gloves unavailable)
MR       .....                  (boots unavailable)
Stlth    +++.......             (no amulet)
HPRegen  0.05/turn              (no ring)
MPRegen  0.09/turn              (no ring)

@: lethally poisoned (0 -> -7), quick
A: very small, no armour, no weapons or thrown items, stealth, claws 1, fangs 3,
see invisible, carnivore, speed 1, shaggy fur 1, slow metabolism 1, sharp paws
a: no special abilities


You were on level 2 of the Dungeon.
You were completely stuffed.

You visited 1 branch of the dungeon, and saw 2 of its levels.

You collected 36 gold pieces.

Inventory:

Jewellery
 j - an uncursed amulet of faith
Scrolls
 a - 2 scrolls of blinking
 e - 2 scrolls of identify {unknown}
 h - a scroll of magic mapping {unknown}
 i - a scroll of fear {unknown}
 k - a scroll of remove curse {unknown}
Potions
 b - 2 potions of heal wounds
 c - a potion of lignification
 d - 3 potions of curing
 g - a potion of haste {unknown}
 l - a potion of might {unknown}
Comestibles
 f - 4 rations
 m - 4 chunks of flesh


   Skills:
 * Level 1.7 Fighting
 * Level 1.7 Dodging
 * Level 2.6 Stealth
 * Level 2.5 Unarmed Combat
 - Level 1.0 Spellcasting
   Level 4.3 Transmutations
   Level 1.1 Evocations


You had 4 spell levels left.
You didn't know any spells.
Your spell library was empty.

Dungeon Overview and Level Annotations

Branches:
Dungeon (2/15)

Altars:


Innate Abilities, Weirdness & Mutations

You cannot wear armour.
You are incapable of wielding weapons or throwing items.
Your paws allow you to move quietly. (Stealth)
You have sharp claws.
You have razor-sharp teeth.
You have supernaturally acute eyesight. (SInv)
You are carnivorous and can eat meat at any time.
You cover ground quickly.
You are covered in fur. (AC +1)
You have a slow metabolism.
Your sharp claws are effective at attacking unaware monsters.


Message History

The adder is heavily wounded.
The adder bites you.
The ooze quivers.
You scratch the adder.
The adder is severely wounded.
The adder misses you.
You miss the adder. Your bite misses the adder.
The adder is severely wounded.
The adder bites you.
You are lethally poisoned!
The adder poisons you!
You scratch the adder.
The adder is almost dead.
You feel sick. The adder bites you.
* * * LOW HITPOINT WARNING * * *
The adder closely misses you.
You miss the adder.
The adder is almost dead.
The adder bites you.
You die...

##.# #...# #...#
#...# ######..
#####...####.......
...........รท.###.#
............@S..#
.............##J....
####...####.# #...
#...# #... .. #...#
##### #...# ##.##
##.#########
#..........#


You could see an ooze and an adder.

Vanquished Creatures
  A dart slug (D:1)
  2 leopard geckos (D:1)
  A giant cockroach (D:2)
  4 goblins (D:1)
  5 hobgoblins (D:1)
  9 jackals
  2 bats (D:1)
  A frilled lizard (D:1)
  3 kobolds (D:1)
  2 rats
30 creatures vanquished.

Notes
Turn   | Place    | Note
-------+----------+-------------------------------------------
     0 | D:1      | Chiseanne the Felid Wanderer began the quest for the Orb.
     0 | D:1      | Chiseanne set off with the following items: a scroll of
                  | blinking, a potion of heal wounds, a potion of
                  | lignification, a potion of curing, a ration
     0 | D:1      | Reached XP level 1. HP: 9/9 MP: 3/3
   139 | D:1      | Reached skill level 1 in Dodging
   139 | D:1      | Reached XP level 2. HP: 11/12 MP: 4/4
   825 | D:1      | Reached XP level 3. HP: 15/15 MP: 5/5
  1046 | D:2      | Slain by an adder

Skill      XL: |  1 |
---------------+----+-----
Dodging        | 1 |  1.7
Stealth        | 2 |  2.6
Fighting       | |  1.7
Unarmed Combat | |  2.5
Spellcasting   | |  1.0
Transmutations | |  4.3
Evocations     | |  1.1

Action                   || total
-------------------------++-------
Melee: Unarmed           ||    95
       Bite              ||    11
       Punch             ||     1
  Use: Potion            ||     1
 Stab: Sleeping          ||     5
  Eat: Chunk             ||     8
Armor: Skin              ||     4
Dodge: Dodged            ||    77
